| TOP OF THE 1ST |
|
Houston Astros batting - Pitching for New York Yankees : LHP David Ibarra
|
|
Pitching: LHP David Ibarra
|
|
|
Batting: RHB Jeremy Trump
|
0-0: Ball 1-0: Called Strike 1-1: Swinging Strike 1-2: Foul Ball, location: 2F 1-2: Foul Ball, location: 2F 1-2: Ball 2-2: Foul Ball, location: 2F 2-2: Reaches on Catchers interference
|
|
Batting: RHB Chang-wei Jiang
|
0-0: Ball 1-0: Swinging Strike 1-1: Ball 2-1: Ball 3-1: Swinging Strike 3-2: Ground out 4-3 (Groundball, 4, EV 101.9 MPH) Jeremy Trump to second
|
|
Batting: SHB Addick de Vries
|
0-0: Ball 1-0: Ground out 6-3 (Groundball, 6, EV 105.0 MPH)
|
|
Batting: RHB Danny Dyer
|
0-0: Ball 1-0: Ball 2-0: Called Strike 2-1: Ball 3-1: Foul Ball, location: 2F 3-2: Strikes out swinging
|
| Top of the 1st over - 0 runs, 0 hits, 1 error, 1 left on base; Houston 0 - New York 0 |
| BOTTOM OF THE 1ST |
|
New York Yankees batting - Pitching for Houston Astros : LHP Brian Thomas
|
|
Pitching: LHP Brian Thomas
|
|
|
Batting: LHB Jason Peck
|
0-0: Ball 1-0: Called Strike 1-1: Called Strike 1-2: Foul Ball, location: 2F 1-2: Ball 2-2: Foul Ball, location: 2F 2-2: Ball 3-2: SINGLE (Line Drive, 8LS, EV 98.8 MPH)
|
|
Batting: LHB Evan Torraville
|
0-0: Called Strike 0-1: Ball 1-1: SINGLE (Groundball, 34S, EV 72.5 MPH) (infield hit) Jason Peck to second
|
|
Batting: SHB Bartholomeu Chambino
|
0-0: Ball 1-0: Ball Jason Peck steals 3rd base 2-0: Foul Ball, location: 2F 2-1: SINGLE (Line Drive, 6MD, EV 98.1 MPH) Jason Peck scores Evan Torraville to second
|
|
Batting: RHB C.J. Richerson
|
0-0: Foul Ball, location: 2F 0-1: Ball 1-1: Fly out, F8 (Flyball, 8RXD, EV 97.5 MPH) Runner from 2nd tags up, SAFE at 3rd, no throw by CF
|
|
Batting: RHB Kai Bellow
|
0-0: Ball 1-0: Called Strike 1-1: Ball 2-1: SINGLE (Groundball, 56S, EV 73.1 MPH) (infield hit) Evan Torraville scores Bartholomeu Chambino to second
|
|
Batting: LHB Jordan de Jesus
|
0-0: Fielders Choice at 2nd, 4-6 (Groundball, 4MS, EV 78.1 MPH) Bartholomeu Chambino to third
|
|
Batting: LHB David Bramble
|
0-0: Foul Ball, location: 2F 0-1: Foul Ball, location: 2F 0-2: Ball 1-2: Ball 2-2: SINGLE (Line Drive, 3D, EV 97.5 MPH) Bartholomeu Chambino scores Jordan de Jesus to second Jordan de Jesus to third
|
|
Batting: SHB Billy Durham
|
0-0: Ball 1-0: Called Strike 1-1: Called Strike 1-2: Ball 2-2: Ball 3-2: Base on Balls David Bramble to second
|
|
Batting: RHB Sam Saunders
|
0-0: Called Strike 0-1: Ground out 5-3 (Groundball, 56S, EV 70.0 MPH)
|
| Bottom of the 1st over - 3 runs, 5 hits, 0 errors, 3 left on base; Houston 0 - New York 3 |
| TOP OF THE 2ND |
|
Houston Astros batting - Pitching for New York Yankees : LHP David Ibarra
|
|
Batting: RHB Josh Froyd
|
0-0: Ball 1-0: Called Strike 1-1: Foul Ball, location: 2F 1-2: SINGLE (Groundball, 56D, EV 104.4 MPH)
|
|
Batting: SHB Joe Gardner
|
0-0: Ball 1-0: Foul Ball, location: 2F 1-1: Swinging Strike 1-2: Foul Ball, location: 2F 1-2: Strikes out swinging
|
|
Batting: RHB Trevor Mock
|
0-0: Ball 1-0: Ball 2-0: Foul Ball, location: 2F 2-1: Foul Ball, location: 2F 2-2: Foul Ball, location: 2F 2-2: Strikes out swinging
|
|
Batting: LHB Bob Myers
|
0-0: Ball 1-0: Ball 2-0: Ball 3-0: Base on Balls Josh Froyd to second
|
|
Batting: LHB Jim Keefe
|
0-0: Ball 1-0: Ball 2-0: Ball 3-0: Called Strike 3-1: Base on Balls Josh Froyd to third Bob Myers to second
|
|
Batting: RHB Jeremy Trump
|
0-0: Fly out, F8 (Flyball, 8LM, EV 73.8 MPH)
|
| Top of the 2nd over - 0 runs, 1 hit, 0 errors, 3 left on base; Houston 0 - New York 3 |
| BOTTOM OF THE 2ND |
|
New York Yankees batting - Pitching for Houston Astros : LHP Brian Thomas
|
|
Batting: LHB Jason Peck
|
0-0: Foul Ball, location: 2F 0-1: Fly out, F8 (Flyball, 8RM, EV 85.0 MPH)
|
|
Batting: LHB Evan Torraville
|
0-0: Called Strike 0-1: Ball 1-1: Ground out U3 (Groundball, 34, EV 102.5 MPH)
|
|
Batting: SHB Bartholomeu Chambino
|
0-0: Ball 1-0: Called Strike 1-1: Foul Ball, location: 2F 1-2: Ground out 6-3 (Groundball, 6, EV 81.9 MPH)
|
| Bottom of the 2nd over - 0 runs, 0 hits, 0 errors, 0 left on base; Houston 0 - New York 3 |
| TOP OF THE 3RD |
|
Houston Astros batting - Pitching for New York Yankees : LHP David Ibarra
|
|
Batting: RHB Chang-wei Jiang
|
0-0: Ball 1-0: Ground out 6-3 (Groundball, 6M, EV 107.5 MPH)
|
|
Batting: SHB Addick de Vries
|
0-0: Swinging Strike 0-1: Foul Ball, location: 2F 0-2: Ball 1-2: Foul Ball, location: 2F 1-2: SINGLE (Flyball, 78S, EV 90.6 MPH)
|
|
Batting: RHB Danny Dyer
|
0-0: Called Strike 0-1: Ball 1-1: Ball 2-1: Foul Ball, location: 2F 2-2: Ball 3-2: DOUBLE (Line Drive, 78D, EV 106.9 MPH) Addick de Vries to third Runner from 3rd tries for Home, SAFE, no throw by LF
|
|
Batting: RHB Josh Froyd
|
0-0: Ball 1-0: Ball 2-0: Ball Wild Pitch! Danny Dyer to third 3-0: Called Strike 3-1: Swinging Strike 3-2: Foul Ball, location: 2F 3-2: Base on Balls
|
|
Batting: SHB Joe Gardner
|
0-0: 3-RUN HOME RUN (Line Drive, 78XD, EV 105.0 MPH), Distance : 416 ft
|
|
Batting: RHB Trevor Mock
|
0-0: Ball 1-0: Swinging Strike 1-1: Ball 2-1: Foul Ball, location: 2F 2-2: Strikes out looking
|
|
Batting: LHB Bob Myers
|
0-0: Ball 1-0: Ball 2-0: Ball 3-0: Called Strike 3-1: Fly out, F7 (Flyball, 7D, EV 106.2 MPH)
|
| Top of the 3rd over - 4 runs, 3 hits, 0 errors, 0 left on base; Houston 4 - New York 3 |
| BOTTOM OF THE 3RD |
|
New York Yankees batting - Pitching for Houston Astros : LHP Brian Thomas
|
|
Batting: RHB C.J. Richerson
|
0-0: SINGLE (Line Drive, 56, EV 95.0 MPH)
|
|
Batting: RHB Kai Bellow
|
0-0: Called Strike 0-1: SINGLE (Groundball, 34D, EV 111.2 MPH) C.J. Richerson to second Runner from 2nd tries for 3rd, SAFE, throw by RF made to third Kai Bellow to second
|
|
Batting: LHB Jordan de Jesus
|
0-0: Ball 1-0: Ball 2-0: Ball 3-0: Base on Balls
|
|
Batting: LHB David Bramble
|
0-0: Foul Ball, location: 2F 0-1: Ball 1-1: Foul Ball, location: 2F 1-2: Ball 2-2: Grounds into double play, 4-6-3 (Groundball, 4, EV 90.0 MPH) C.J. Richerson scores Kai Bellow to third
|
|
Batting: SHB Billy Durham
|
0-0: Ball 1-0: Ball 2-0: Called Strike 2-1: Foul Ball, location: 2F 2-2: Foul Ball, location: 2F 2-2: Foul Ball, location: 2F 2-2: Foul Ball, location: 2F 2-2: Foul Ball, location: 2F 2-2: Foul Ball, location: 2F 2-2: Strikes out looking
|
| Bottom of the 3rd over - 1 run, 2 hits, 0 errors, 1 left on base; Houston 4 - New York 4 |
| TOP OF THE 4TH |
|
Houston Astros batting - Pitching for New York Yankees : LHP David Ibarra
|
|
Batting: LHB Jim Keefe
|
0-0: Ball 1-0: Ball 2-0: Ball 3-0: Called Strike 3-1: Called Strike 3-2: Fly out, F8 (Flyball, 8RS, EV 89.4 MPH)
|
|
Batting: RHB Jeremy Trump
|
0-0: Called Strike 0-1: Called Strike 0-2: Ball 1-2: Strikes out swinging
|
|
Batting: RHB Chang-wei Jiang
|
0-0: Ball 1-0: Ball 2-0: Ground out 6-3 (Groundball, 56, EV 84.4 MPH)
|
| Top of the 4th over - 0 runs, 0 hits, 0 errors, 0 left on base; Houston 4 - New York 4 |
| BOTTOM OF THE 4TH |
|
New York Yankees batting - Pitching for Houston Astros : LHP Brian Thomas
|
|
Batting: RHB Sam Saunders
|
0-0: Called Strike 0-1: Called Strike 0-2: Hit by Pitch
|
|
Batting: LHB Jason Peck
|
0-0: Fielders Choice at 2nd, 3-6 (Groundball, 3, EV 80.0 MPH)
|
|
Batting: LHB Evan Torraville
|
0-0: Ball Jason Peck steals 2nd base 1-0: Ball Jason Peck steals 3rd base 2-0: Ball 3-0: Called Strike 3-1: Called Strike 3-2: Fly out, F5 (Popup, 15S, EV 86.9 MPH)
|
|
Batting: SHB Bartholomeu Chambino
|
0-0: Ball 1-0: Ball 2-0: Swinging Strike 2-1: Ball 3-1: Called Strike 3-2: Base on Balls
|
|
Batting: RHB C.J. Richerson
|
0-0: Fly out, F7 (Flyball, 7S, EV 88.1 MPH)
|
| Bottom of the 4th over - 0 runs, 0 hits, 0 errors, 2 left on base; Houston 4 - New York 4 |
| TOP OF THE 5TH |
|
Houston Astros batting - Pitching for New York Yankees : LHP David Ibarra
|
|
Batting: SHB Addick de Vries
|
0-0: Fly out, F5 (Flyball, 5D, EV 96.2 MPH)
|
|
Batting: RHB Danny Dyer
|
0-0: Ground out 4-3 (Groundball, 4, EV 92.5 MPH)
|
|
Batting: RHB Josh Froyd
|
0-0: Called Strike 0-1: Ground out 5-3 (Groundball, 56, EV 91.2 MPH)
|
| Top of the 5th over - 0 runs, 0 hits, 0 errors, 0 left on base; Houston 4 - New York 4 |
| BOTTOM OF THE 5TH |
|
New York Yankees batting - Pitching for Houston Astros : LHP Brian Thomas
|
|
Batting: RHB Kai Bellow
|
0-0: Ball 1-0: Called Strike 1-1: Ball 2-1: Ball 3-1: Foul Ball, location: 2F 3-2: Base on Balls
|
|
Batting: LHB Jordan de Jesus
|
0-0: Called Strike 0-1: Ball 1-1: DOUBLE (Flyball, 8LD, EV 96.2 MPH) Kai Bellow to third
|
|
Batting: LHB David Bramble
|
0-0: Ball Wild Pitch! Kai Bellow scores Jordan de Jesus to third 1-0: Ball 2-0: Called Strike 2-1: SINGLE (Flyball, 4D, EV 86.9 MPH) Jordan de Jesus scores
|
|
Batting: SHB Billy Durham
|
0-0: Foul Ball, location: 2F 0-1: Ball 1-1: Foul Ball, location: 2F 1-2: Strikes out swinging
|
|
Pitching: RHP Scott Voss
|
|
|
Batting: RHB Sam Saunders
|
0-0: Fielders Choice at 2nd, 5-4 (Groundball, 56, EV 105.0 MPH)
|
|
Batting: LHB Jason Peck
|
0-0: Ground out U3 (Groundball, 34S, EV 71.2 MPH)
|
| Bottom of the 5th over - 2 runs, 2 hits, 0 errors, 1 left on base; Houston 4 - New York 6 |
| TOP OF THE 6TH |
|
Houston Astros batting - Pitching for New York Yankees : LHP David Ibarra
|
|
Batting: SHB Joe Gardner
|
0-0: Called Strike 0-1: Foul Ball, location: 2F 0-2: Foul Ball, location: 2F 0-2: Strikes out swinging
|
|
Batting: RHB Trevor Mock
|
0-0: Ground out 5-3 (Groundball, 56, EV 86.9 MPH)
|
|
Batting: LHB Bob Myers
|
0-0: Fly out, F9 (Flyball, 9LS, EV 78.1 MPH)
|
| Top of the 6th over - 0 runs, 0 hits, 0 errors, 0 left on base; Houston 4 - New York 6 |
| BOTTOM OF THE 6TH |
|
New York Yankees batting - Pitching for Houston Astros : RHP Scott Voss
|
|
Batting: LHB Evan Torraville
|
0-0: Ball 1-0: Ball 2-0: Ball 3-0: Called Strike 3-1: Base on Balls
|
|
Batting: SHB Bartholomeu Chambino
|
0-0: Called Strike 0-1: Ball 1-1: Ball 2-1: Foul Ball, location: 2F 2-2: Foul Ball, location: 2F 2-2: Grounds into double play, 4-6-3 (Groundball, 34, EV 108.1 MPH)
|
|
Batting: RHB C.J. Richerson
|
0-0: Swinging Strike 0-1: Ball 1-1: Ground out 5-3 (Groundball, 56, EV 84.4 MPH)
|
| Bottom of the 6th over - 0 runs, 0 hits, 0 errors, 0 left on base; Houston 4 - New York 6 |
| TOP OF THE 7TH |
|
Houston Astros batting - Pitching for New York Yankees : LHP David Ibarra
|
|
Pitching: RHP Kyle Johnson
|
|
|
Batting: LHB Jim Keefe
|
0-0: Ball 1-0: SINGLE (Line Drive, 78S, EV 89.4 MPH)
|
|
Batting: RHB Jeremy Trump
|
0-0: Called Strike 0-1: Swinging Strike 0-2: Strikes out swinging
|
|
Batting: RHB Chang-wei Jiang
|
0-0: Ball 1-0: Ball 2-0: Called Strike 2-1: Ball 3-1: Fly out, F8 (Flyball, 8RM, EV 84.4 MPH)
|
|
Batting: SHB Addick de Vries
|
0-0: Ball 1-0: Ball 2-0: Ball 3-0: Called Strike 3-1: Ground out 4-3 (Groundball, 4S, EV 85.0 MPH)
|
| Top of the 7th over - 0 runs, 1 hit, 0 errors, 1 left on base; Houston 4 - New York 6 |
| BOTTOM OF THE 7TH |
|
New York Yankees batting - Pitching for Houston Astros : RHP Scott Voss
|
|
Pitching: LHP Jordan Ruiz
|
|
|
Batting: RHB Kai Bellow
|
0-0: Ball 1-0: Ball 2-0: Ball 3-0: Called Strike 3-1: Base on Balls
|
|
Batting: LHB Jordan de Jesus
|
0-0: Ball 1-0: Sac Bunt to 13 - play at first, batter OUT! 1-4 Kai Bellow to second
|
|
Batting: LHB David Bramble
|
0-0: Intentional Walk
|
|
Batting: SHB Billy Durham
|
0-0: Called Strike 0-1: Grounds into double play, 6-4-3 (Groundball, 56, EV 103.8 MPH)
|
| Bottom of the 7th over - 0 runs, 0 hits, 0 errors, 1 left on base; Houston 4 - New York 6 |
| TOP OF THE 8TH |
|
Houston Astros batting - Pitching for New York Yankees : RHP Kyle Johnson
|
|
Batting: RHB Danny Dyer
|
0-0: Ball 1-0: Ball 2-0: Foul Ball, location: 2F 2-1: Ball 3-1: Called Strike 3-2: Fly out, F8 (Flyball, 89D, EV 86.9 MPH)
|
|
Batting: RHB Josh Froyd
|
0-0: Ball 1-0: Foul Ball, location: 2F 1-1: Ball 2-1: Ball 3-1: Base on Balls
|
|
Batting: SHB Joe Gardner
|
0-0: Ball 1-0: Fielders Choice at 2nd, 3-6 (Groundball, 34S, EV 90.0 MPH)
|
|
Pinch Hitting: LHB Bryce Hill
|
0-0: Fly out, F9 (Flyball, 9D, EV 107.5 MPH)
|
| Top of the 8th over - 0 runs, 0 hits, 0 errors, 1 left on base; Houston 4 - New York 6 |
| BOTTOM OF THE 8TH |
|
New York Yankees batting - Pitching for Houston Astros : LHP Jordan Ruiz
|
|
Now in LF: Bob Myers
|
|
|
Now in CF: Joe Gardner
|
|
|
Now in RF: Bryce Hill
|
|
|
Batting: RHB Sam Saunders
|
0-0: Called Strike 0-1: Swinging Strike 0-2: Ball 1-2: Fly out, F9 (Flyball, BS7, EV 106.9 MPH)
|
|
Batting: LHB Jason Peck
|
0-0: Ball 1-0: Ground out 4-3 (Groundball, 4, EV 86.2 MPH)
|
|
Batting: LHB Evan Torraville
|
0-0: Called Strike 0-1: SINGLE (Line Drive, 78S, EV 106.9 MPH)
|
|
Batting: SHB Bartholomeu Chambino
|
0-0: Ball 1-0: Called Strike 1-1: Foul Ball, location: 2F 1-2: Fly out, F8 (Flyball, 89M, EV 86.9 MPH)
|
| Bottom of the 8th over - 0 runs, 1 hit, 0 errors, 1 left on base; Houston 4 - New York 6 |
| TOP OF THE 9TH |
|
Houston Astros batting - Pitching for New York Yankees : RHP Kyle Johnson
|
|
Pitching: LHP Robert Cruz
|
|
|
Batting: LHB Bob Myers
|
0-0: Ball 1-0: Called Strike 1-1: Ground out 5-3 (Groundball, 56, EV 82.5 MPH)
|
|
Pinch Hitting: RHB Matt Thompson
|
0-0: Ball 1-0: Ball 2-0: Foul Ball, location: 2F 2-1: Called Strike 2-2: Strikes out swinging
|
|
Batting: RHB Jeremy Trump
|
0-0: Ball 1-0: Ball 2-0: Swinging Strike 2-1: Foul Ball, location: 2F 2-2: Strikes out looking
|
| Top of the 9th over - 0 runs, 0 hits, 0 errors, 0 left on base; Houston 4 - New York 6 |
|